 Seeded DCSS version 0.27.1-37-g7b29ead8ac (webtiles) character file.

Game seed: 16654020126779841138 (custom seed)

9709 tkbsonic5 the Blocker (level 11, -3/80 HPs)
             Began as a Human Fighter on Jan 3, 2024.
             Slain by Psyche (13 damage)
             ... on level 10 of the Dungeon.
             The game lasted 00:18:39 (13404 turns).

tkbsonic5 the Blocker (Human Fighter)              Turns: 13404, Time: 00:18:40

Health: -3/80      AC: 21    Str: 20    XL:     11   Next: 79%
Magic:  11/11      EV:  5    Int:  9    God:
Gold:   495        SH: 14    Dex: 12    Spells: 10/10 levels left

rFire    . . .     SeeInvis .   f - +2 hand axe (freeze)
rCold    + . .     Faith    .   c - +1 kite shield
rNeg     . . .     Spirit   .   t - +4 plate armour
rPois    .         Reflect  .   (no helmet)
rElec    .         Harm     .   g - +0 cloak
rCorr    .         Rampage  .   (no gloves)
Will     +....                  s - +2 pair of boots
Stlth    ..........             (no amulet)
HPRegen  0.23/turn              k - ring of willpower
MPRegen  0.12/turn              y - ring of protection from cold

@: attractive, very slightly contaminated, studying Shields, invisible
A: talons 1, iridescent scales 1, passive freeze
a: no special abilities


You were on level 10 of the Dungeon.
You visited 1 branch of the dungeon, and saw 10 of its levels.

You collected 495 gold pieces.

Inventory:

Hand Weapons
 a - a +0 war axe
 f - a +2 hand axe of freezing (weapon)
 j - a +2 short sword of flaming
 v - the +1 mace "Earthworm" {flame, Int+4}
   (You found it on level 6 of the Dungeon)

   It burns those it strikes, dealing additional fire damage.
   Int:       It affects your intelligence (+4).
Missiles
 e - 70 poisoned darts
 l - 14 boomerangs
 o - 51 bolts
 u - 2 throwing nets
Armour
 b - a +0 scale mail {iridescent toenails}
 c - a +1 kite shield (worn)
 g - a +0 cloak (worn)
 s - a +2 pair of boots (worn)
 t - a +4 plate armour (worn)
Jewellery
 k - a ring of willpower (left hand)
 y - a ring of protection from cold (right hand)
 z - a ring of flight
 B - a ring of resist corrosion
Wands
 q - a wand of flame (33) (quivered)
 D - a wand of digging (6)
Scrolls
 h - a scroll of silence
 i - a scroll of blinking {unknown}
 r - 3 scrolls of identify
 x - 2 scrolls of teleportation
 A - a scroll of amnesia
 C - a scroll of fear {unknown}
Potions
 m - 3 potions of flight
 p - 6 potions of brilliance
 w - a potion of lignification


   Skills:
 * Level 5.3 Fighting
 * Level 9.0(10.4) Axes
 - Level 8.4(10.2) Maces & Flails
 - Level 3.0 Armour
 * Level 14.1 Shields
 + Level 1.8 Evocations


You had 10 spell levels left.
You didn't know any spells.
Your spell library contained the following spells:

 Spells                   Type           Power      Damage    Failure   Level
 Slow                     Hex            0%         N/A       100%        2
 Confusing Touch          Hex            0%         N/A       100%        3
 Yara's Violent Unravell  Hex/Tmut       0%         3d3       100%        5


Dungeon Overview and Level Annotations

Branches:
Dungeon (10/15)            Temple (0/1) D:4            Lair (0/6) D:9
    Orc: D:9-12

Altars:
Hepliaklqana

Annotations:
D:10 Psyche


Innate Abilities, Weirdness & Mutations

You have sharp toenails.
You are partially covered in iridescent scales. (AC +2)
A frigid envelope surrounds you and freezes all who hurt you.


Message History

The green ugly thing is severely wounded.
You hit something. You freeze something.
You block the green ugly thing's attack.
Something hits you but does no damage. Space warps horribly around you!
You hit the green ugly thing. You freeze the green ugly thing.
The green ugly thing is severely wounded.
You closely miss something.
The green ugly thing tentacle-slaps you!
The green ugly thing is very cold.
The green ugly thing is almost dead.
Something hits you but does no damage. Space warps horribly around you!
You fade into invisibility!
The green ugly thing tentacle-slaps you but does no damage.
The green ugly thing is very cold.
The green ugly thing is almost dead.
Something hits you but does no damage. Space warps horribly around you!!
* * * LOW HITPOINT WARNING * * *
A centaur zombie comes into view.
You are very lightly contaminated with residual magic.
You see here a howler monkey corpse.
It was a potion of attraction.
You feel attractive to monsters.
You block the green ugly thing's attack.
You hear some strange, mumbled words.
The green ugly thing basks in the mutagenic energy and changes!
You slash the red ugly thing! You freeze the red ugly thing.
You kill the red ugly thing!
Your base Axes skill increases to level 9!
You hit something. You freeze something.
You hear a zap.
Something tries to affect you, but you resist.
You barely miss something. Something hits you but does no damage.
Space bends around you.
* * * LOW HITPOINT WARNING * * *
Your plate armour prevents you from hitting something.
Something hits you but does no damage. Space warps horribly around you!
* * * LOW HITPOINT WARNING * * *
You hit something but do no damage. Something hits you but does no damage.
Space warps horribly around you!
You die...

#..? #.h.
##..h # #....
####.# #..h.
#....#
###....###.##
.......Z...<#
........###{#
........# #@#
...u$...# #.#
........# #.#
......^.. ..#
......... #.#
########. ###


There were no monsters in sight!

Vanquished Creatures
  Harold (D:7)
  Erica (D:7)
  A two-headed ogre (D:9)
  An ugly thing (D:10)
  Maggie (D:8)
  3 komodo dragons (D:9)
  2 trolls
  A hornet (D:9)
  Grinder (D:3)
  A shadow (D:6)
  A vampire (D:9)
  2 wyverns (D:9)
  A basilisk (D:9)
  Eustachio (D:6)
  An acid dragon (D:9)
  A water moccasin (D:7)
  Duvessa (D:7)
  3 orc warriors
  2 sky beasts
  2 necrophages
  An ice beast (D:7)
  2 black bears
  5 ogres
  6 centaurs
  A bullfrog (D:7)
  A gnoll sergeant (D:7)
  Dowan (D:7)
  2 water moccasin skeletons (D:5)
  17 wights
  5 howler monkeys
  3 centaur zombies
  4 hounds
  2 bullfrog zombies (D:5)
  5 jellies
  7 orc priests
  3 centaur skeletons
  A bullfrog skeleton (D:5)
  Crazy Yiuf (D:6)
  3 iguanas
  Natasha (thrice) (D:2)
  6 orc wizards
  A hound skeleton (D:5)
  14 gnolls
  9 adders
  A shadow imp (D:6)
  3 white imps
  A worm (D:3)
  2 dart slugs
  30 orcs
  2 bats
  3 endoplasms
  3 giant cockroaches
  6 goblins
  7 hobgoblins
  3 jackals
  A quokka (D:2)
  7 ball pythons
  6 frilled lizards
  6 kobolds
  4 rats
  A spectral goblin (D:8)
217 creatures vanquished.

Notes
Turn   | Place    | Note
-------+----------+-------------------------------------------
     0 | D:1      | tkbsonic5 the Human Fighter began the quest for the Orb.
     0 | D:1      | Reached XP level 1. HP: 18/18 MP: 1/1
   810 | D:1      | Reached XP level 2. HP: 24/24 MP: 2/2
  1405 | D:2      | Reached XP level 3. HP: 27/29 MP: 3/3
  1462 | D:2      | Noticed Natasha
  1469 | D:2      | Killed Natasha
  1470 | D:2      | Reached XP level 4. HP: 33/35 MP: 4/4
  1706 | D:2      | Found a faded altar of an unknown god.
  1710 | D:2      | Noticed Natasha
  1718 | D:2      | Killed Natasha
  1731 | D:2      | Noticed Natasha
  1742 | D:2      | Killed Natasha
  1743 | D:2      | Reached skill level 4 in Shields
  1743 | D:2      | Reached XP level 5. HP: 16/41 MP: 5/5
  3155 | D:3      | Noticed Grinder
  3167 | D:3      | Paralysed by Grinder for 6 turns
  3178 | D:3      | Killed Grinder
  3179 | D:3      | Reached skill level 5 in Axes
  3179 | D:3      | Reached skill level 5 in Shields
  3179 | D:3      | Reached XP level 6. HP: 6/47 MP: 6/6
  4083 | D:3      | Gained mutation: You are partially covered in iridescent
                  | scales. (AC +2) [potion of mutation]
  4083 | D:3      | Gained mutation: You have sharp toenails. [potion of
                  | mutation]
  4083 | D:3      | Gained mutation: A frigid envelope surrounds you and
                  | freezes all who hurt you. [potion of mutation]
  4153 | D:3      | Reached XP level 7. HP: 52/52 MP: 7/7
  4602 | D:4      | Found a staircase to the Ecumenical Temple.
  5164 | D:4      | Reached skill level 6 in Shields
  5388 | D:5      | Entered Level 5 of the Dungeon
  5499 | D:5      | Reached XP level 8. HP: 58/58 MP: 8/8
  5634 | D:5      | Reached skill level 7 in Shields
  6085 | D:5      | Reached skill level 8 in Shields
  6085 | D:5      | Reached XP level 9. HP: 45/63 MP: 9/9
  6918 | D:6      | Noticed Eustachio
  6936 | D:6      | Killed Eustachio
  7543 | D:6      | Found a runed translucent door.
  7544 | D:6      | Noticed Crazy Yiuf
  7646 | D:6      | Reached skill level 9 in Shields
  7860 | D:6      | Killed Crazy Yiuf
  7867 | D:6      | Identified the +1 mace "Earthworm" {flame, Int+4}
  7904 | D:7      | Reached skill level 1 in Maces & Flails
  7946 | D:7      | Noticed a troll
  7968 | D:6      | Killed a troll
  8452 | D:7      | Identified a scroll of acquirement
  8452 | D:7      | Acquired a manual of Shields
  8575 | D:7      | Reached XP level 10. HP: 70/70 MP: 10/10
  8607 | D:7      | Reached skill level 10 in Shields
  9015 | D:7      | Noticed Dowan
  9016 | D:7      | Noticed Duvessa
  9028 | D:7      | Killed Duvessa
  9040 | D:7      | Killed Dowan
  9152 | D:8      | Reached skill level 11 in Shields
  9178 | D:8      | Reached skill level 5 in Maces & Flails
  9365 | D:8      | Noticed Maggie
  9375 | D:8      | Killed Maggie
  9561 | D:8      | Noticed Harold
  9570 | D:8      | Noticed Erica
  9598 | D:7      | Killed Erica
  9599 | D:7      | Reached skill level 12 in Shields
  9906 | D:7      | Killed Harold
  9907 | D:7      | Reached XP level 11. HP: 45/75 MP: 11/11
 10403 | D:8      | Found a hazy altar of Hepliaklqana.
 10577 | D:8      | Reached skill level 13 in Shields
 11387 | D:9      | Noticed a two-headed ogre
 11394 | D:9      | Killed a two-headed ogre
 12227 | D:9      | Reached skill level 1 in Evocations
 12248 | D:9      | Reached skill level 5 in Fighting
 12259 | D:9      | Reached skill level 14 in Shields
 13208 | D:9      | Found a staircase to the Lair.
 13308 | D:10     | Entered Level 10 of the Dungeon
 13313 | D:10     | Noticed a green ugly thing
 13388 | D:10     | Noticed Psyche
 13400 | D:10     | Killed a red ugly thing
 13404 | D:10     | Slain by Psyche

Illustrated notes

Levels and vault maps discovered:
D:1:      grunt_arrival_crossed_arrows, layout_loops_ring
D:2:      layout_loops_ring, chequers_ecumenical_altar_island, minivault_19,
          uniq_natasha
D:3:      layout_basic, uniq_grinder
D:4:      layout_basic, temple_green
D:5:      layout_loops_cross, minmay_joined_circles
D:6:      layout_cave_pools, uniq_eustachio, uniq_crazy_yiuf_cottage
D:7:      layout_rooms, uniq_duvessa
D:8:      layout_rooms, nicolae_hepliaklqana_monster_ancestors, uniq_maggie,
          uniq_harold, uniq_erica
D:9:      layout_layer_cave, erik_lair_dragon, minmay_misc_feat_hallway,
          serial_park_tiny_1
D:10:     layout_basic, serial_shops, shop, nicolae_shop_stone,
          nicolae_stop_n_shop_2, nicolae_shop_trees, uniq_psyche

Skill      XL: |  1  2  3  4  5  6  7  8  9 10 11 |
---------------+----------------------------------+-----
Axes           | 3 5 6 7 8 9 |  9.0
Shields        | 4 5 6 8 9 12 14 | 14.1
Maces & Flails | 3 7 8 |  8.4
Fighting       | 5 |  5.3
Evocations     | 1 |  1.8
Armour         | |  3.0

Action                   |  1- 3 |  4- 6 |  7- 9 | 10-12 || total
-------------------------+-------+-------+-------+-------++-------
Melee: War axe           |    62 |    34 |   118 |       ||   214
       Short sword       |       |    31 |   101 |       ||   132
       Kick              |       |       |    23 |       ||    23
       Mace              |       |       |    34 |   320 ||   354
       Hand axe          |       |       |       |    19 ||    19
Throw: Dart              |     4 |    15 |       |     1 ||    20
       Boomerang         |       |       |     6 |       ||     6
       Throwing net      |       |       |       |     4 ||     4
Evoke: Wand              |       |       |     2 |    21 ||    23
  Use: Scroll            |     2 |     2 |     8 |     4 ||    16
       Potion            |       |     6 |     5 |     6 ||    17
Armor: Scale mail        |    31 |    20 |    60 |       ||   111
       Skin              |       |       |    14 |       ||    14
       Plate armour      |       |       |    68 |   191 ||   259
Dodge: Dodged            |    20 |    22 |    66 |    51 ||   159
Block: Kite shield       |    33 |    45 |   188 |   263 ||   529
